 Dungeon Crawl Stone Soup version 0.30.2 (webtiles) character file.

Game seed: 8192915354027498899

56 porpoise the Shooter (level 3, -7/31 HPs)
             Began as a Minotaur Hunter on Apr 12, 2024.
             Killed by divine providence
             ... invoked by an orc priest
              (16 damage)
             ... on level 3 of the Dungeon.
             The game lasted 00:03:24 (1184 turns).

porpoise the Shooter (Minotaur Hunter)              Turns: 1184, Time: 00:03:25

Health: -7/31      AC:  5    Str: 15    XL:     3   Next: 69%
Magic:  2/2        EV: 11    Int:  6    God:
Gold:   109        SH:  0    Dex: 15    Spells: 2/2 levels left

rFire   . . .        a - +0 shortbow
rCold   . . .        (shield currently unavailable)
rNeg    . . .        i - +0 ring mail
rPois   .            (helmet restricted)
rElec   .            (no cloak)
rCorr   .            (no gloves)
SInv    .            (no boots)
Will    .....        (no amulet)
Stlth   +            (no ring)
HPRegen 0.25/turn    (no ring)
MPRegen 0.08/turn

%: no passive effects
@: lethally poisoned (-7 -> -13)
A: horns 2, retaliatory headbutt
a: no special abilities


You were on level 3 of the Dungeon.
You visited 1 branch of the dungeon, and saw 3 of its levels.

You collected 109 gold pieces.

Inventory:

Hand Weapons
 a - a +0 shortbow (weapon)
 g - a +0 mace
Missiles
 q - 6 poisoned darts
Armour
 i - a +0 ring mail (worn)
Jewellery
 k - a ring of protection from cold
Scrolls
 b - a scroll of immolation
 d - a scroll of summoning {unknown}
 e - a scroll of teleportation {unknown}
 f - a scroll of vulnerability {unknown}
 l - a scroll of noise {unknown}
 m - a scroll of amnesia
 n - a scroll of blinking {unknown}
 o - a scroll of fear {unknown}
 p - a scroll of fog {unknown}
Potions
 c - 2 potions of curing
 h - 2 potions of haste
 j - a potion of mutation
 r - a potion of cancellation


   Skills:
 + Level 3.2 Fighting
 * Level 5.2 Ranged Weapons
 + Level 1.7 Armour
 - Level 2.1 Dodging
 - Level 0.7 Stealth


You had 2 spell levels left.
You didn't know any spells.
Your spell library contained the following spells:

 Spells                   Type           Power      Damage    Failure   Level
 Slow                     Hex            0%         N/A       67%         1
 Confusing Touch          Hex            0%         N/A       96%         3
 Vampiric Draining        Necr           0%         2d6       96%         3


Dungeon Overview and Level Annotations

Branches:
Dungeon (3/15)

Altars:


Innate Abilities, Weirdness & Mutations

You have a pair of horns on your head.
You reflexively headbutt those who attack you in melee.


Message History

You shoot an arrow. The orc shouts!
The arrow hits the orc priest but does no damage.
The orc priest is heavily wounded.
An orc comes into view. It is wielding a +0 mace.
The orc priest looks braver for a moment.
The orc priest invokes the aid of Beogh against you.
Beogh smites you!
You are too injured to fight recklessly!
Unknown command.
Fire: a) +0 shortbow
Press: ? - help, Q - select action, (/) - cycle Shift-Dir - straight line, f/p - orc priest
Aim: an orc priest, wielding a +0 dagger and wearing a +0 scale mail (heavily wounded, 65% to hit)
You shoot an arrow. The arrow barely misses the orc. x2
The arrow completely misses the orc priest.
The orc drinks a potion.
The orc seems to speed up.
Fire: a) +0 shortbow
Press: ? - help, Q - select action, (/) - cycle Shift-Dir - straight line, f/p - orc priest
Aim: an orc priest, wielding a +0 dagger and wearing a +0 scale mail (heavily wounded, 65% to hit)
You shoot an arrow. The arrow completely misses the orc.
The arrow hits the orc priest.
The orc priest is heavily wounded.
Fire: a) +0 shortbow
Press: ? - help, Q - select action, (/) - cycle Shift-Dir - straight line, f/p - orc priest
Aim: an orc priest, wielding a +0 dagger and wearing a +0 scale mail (heavily wounded, 65% to hit)
You shoot an arrow.
The arrow hits the orc but does no damage.
The orc hits you with a +2 short sword of venom.
You are poisoned.
Fire: a) +0 shortbow
Press: ? - help, Q - select action, (/) - cycle Shift-Dir - straight line, f/p - orc priest
Aim: an orc priest, wielding a +0 dagger and wearing a +0 scale mail (heavily wounded, 65% to hit)
You shoot an arrow. The arrow hits the orc.
The orc is severely wounded.
* * * LOW HITPOINT WARNING * * *
You feel very sick.
The orc priest invokes the aid of Beogh against you.
Beogh smites you!
Ouch! That really hurt!
You die...

#.## ##....#
##.###.#...#
..######.....##...#
...........###.#.#
##...........#.##
#....[..###.#..##
..# #..#....#
#.#...#
....o###..##.#.#
#.#..⌠.
...oooo@.......#
#.#....
...#####..######
#.... #..# ###..
#..# ..... #..#
#.#.#.. #..# ##...
.... .... ####
##.#. .##.


You could see an orc priest and 4 orcs.

Vanquished Creatures
  2 adders (D:2)
  A dart slug (D:1)
  A bat (D:1)
  4 endoplasms
  2 goblins (D:2)
  8 hobgoblins
  2 quokkas
  A ball python (D:2)
  5 frilled lizards
  5 kobolds (D:1)
  3 rats (D:2)
34 creatures vanquished.

Notes
Turn   | Place    | Note
-------+----------+-------------------------------------------
     0 | D:1      | porpoise the Minotaur Hunter began the quest for the Orb.
     0 | D:1      | Reached XP level 1. HP: 18/18 MP: 0/0
   370 | D:1      | Reached XP level 2. HP: 21/25 MP: 1/1
   398 | D:1      | Reached skill level 1 in Armour
   831 | D:2      | Reached skill level 5 in Ranged Weapons
   831 | D:2      | Reached XP level 3. HP: 28/31 MP: 2/2
  1184 | D:3      | Killed from afar by an orc priest

Illustrated notes

Levels and vault maps discovered:
D:1:      nicolae_arrival_somewhat_less_tricky_arrival, layout_loops_ring,
          serial_glass, glass_columns_a, glass_columns_a, moated_statue
D:2:      layout_rooms, minmay_heptomino_l4
D:3:      layout_loops_ring, nicolae_overflow_ecumenical_swirl

Skill      XL: |  1  2 |
---------------+-------+-----
Armour         | 1 |  1.7
Fighting       | 3 |  3.2
Ranged Weapons | 5 |  5.2
Dodging        | |  2.1
Stealth        | |  0.7

Action                     || total
---------------------------++-------
   Fire: Shortbow          ||    94
    Use: Scroll            ||     6
 Armour: Leather armour    ||     7
         Ring mail         ||     6
  Dodge: Dodged            ||    23
